cohdb
Replays
Latest Replays
All Replays
Popular Replays
Top Player Replays
Match Explorer
How It Works
Community
CoH3 Stats
Reddit
Sign in to upload your games and track your stats! →
Sign in with Steam
Match 46016101
Unlisted
Match 46016101
Overview
Messages
Build Orders
End
Kradschützen Motorcycle Team
Selects Panzerjäger Kommand Battlegroup
Selects Mine Fields
Panzergrenadier Squad
Panzergrenadier Squad
Construct Light Support Kompanie
Assault Grenadier Squad
Fire Support Elements
Panzerjäger Squad
Flakvierling Half-track
2.5-tonne Medical Truck
Assault Mechanized Group
Selects Tank Busters
Selects Defensive Positions
Pak 38 Anti-tank Gun Team
Nostalgi@
Nicko
0
0
Comments
sign in to comment!
No comments posted yet!